 Dungeon Crawl Stone Soup version 0.29-a0-304-gb34f9e133a (webtiles) character file.

Game seed: 12826714823614328939

127 jt the Chopper (level 4, -7/55 HPs)
             Began as a Palentonga Delver on Mar 26, 2022.
             Mangled by a wyvern (9 damage)
             ... on level 8 of the Dungeon.
             The game lasted 00:02:14 (301 turns).

jt the Chopper (Palentonga Delver)                   Turns: 301, Time: 00:02:14

Health: -7/55      AC: 22    Str: 18    XL:     4   Next: 85%
Magic:  4/4        EV:  1    Int: 10    God:
Gold:   18         SH:  0    Dex: 11    Spells: 3/3 levels left

rFire   . . .      SeeInvis +   a - +0 hand axe
rCold   . . .      Faith    .   (no shield)
rNeg    . . .      Spirit   .   (body armour currently unavailable)
rPois   +          Reflect  .   (helmet currently unavailable)
rElec   .          Harm     .   (cloak currently unavailable)
rCorr   .          Rampage  .   (gloves currently unavailable)
Will    .....      NoTele   +   (no barding)
Stlth   ++........              (no amulet)
HPRegen 0.98/turn               (no ring)
MPRegen 0.09/turn               (no ring)

@: tree-form (expiring), attractive
A: stationary, stasis, torment immunity, boosted hp, large, rugged brown scales
3, see invisible, (deformed body), (roll 1), (armoured tail), regeneration 1
a: no special abilities


You were on level 8 of the Dungeon.
You were a tree.
You visited 1 branch of the dungeon, and saw 3 of its levels.

You collected 18 gold pieces.

Inventory:

Hand Weapons
 a - a +0 hand axe (weapon)
 b - a +2 hunting sling of freezing
Armour
 h - a +0 leather armour (melded)
Wands
 g - a wand of digging (3)
Scrolls
 c - a scroll of fog
 d - a scroll of magic mapping
Potions
 f - a potion of mutation
 j - a potion of curing


   Skills:
 - Level 3.0 Fighting
 + Level 5.1 Axes
 - Level 1.5 Dodging
 - Level 3.3 Stealth


You had 3 spell levels left.
You didn't know any spells.
Your spell library contained the following spells:

 Spells                   Type           Power      Damage    Failure   Level
 Magic Dart               Conj           0%         1d3       36%         1
 Searing Ray              Conj           0%         2d4       50%         2
 Fulminant Prism          Conj/Hex       0%         3d6       98%         4


Dungeon Overview and Level Annotations

Branches:
Dungeon (8/15)
 Temple: D:4-7         Lair: D:8-11

Altars:

Shops:
D:6 *


Innate Abilities, Weirdness & Mutations

You are a tree.
Your roots penetrate the ground, keeping you stationary.
You cannot be teleported.
You are immune to unholy pain and torment.
Your maximum health is greatly increased.
Your equipment is partially melded.
(You are completely covered in rugged brown scales. (AC +3, +7% HP))
You have supernaturally acute eyesight. (SInv)
((Armour fits poorly on your strangely shaped body.))
((You can roll at nearby foes to attack.))
((You have a long armoured tail.))
Your natural rate of healing is unusually fast.


Message History

You hit the wyvern.
The wyvern is lightly wounded.
The wyvern bites you.
The wyvern bites you but does no damage.
You barely miss the wyvern.
The wyvern is lightly wounded.
The wyvern bites you but does no damage.
You hit the wyvern.
The wyvern is moderately wounded.
The wyvern bites you but does no damage. x2
You barely miss the wyvern.
The wyvern is moderately wounded.
The wyvern bites you!
You hit the wyvern but do no damage.
The wyvern is moderately wounded.
The wyvern barely misses you. The wyvern bites you.
* * * LOW HITPOINT WARNING * * *
You barely miss the wyvern.
The wyvern is moderately wounded.
Your transformation is almost over.
The wyvern bites you but does no damage.
You completely miss the wyvern.
The wyvern is moderately wounded.
The wyvern bites you.
* * * LOW HITPOINT WARNING * * *
The wyvern bites you!
* * * LOW HITPOINT WARNING * * *
You hit the wyvern.
The wyvern is moderately wounded.
The wyvern bites you but does no damage. x2
You closely miss the wyvern.
The wyvern is moderately wounded.
The wyvern bites you.
* * * LOW HITPOINT WARNING * * *
You closely miss the wyvern.
The wyvern is moderately wounded.
The wyvern bites you.
* * * LOW HITPOINT WARNING * * *
The wyvern bites you!
You die...

####### ### #.....# #...
#####.....########o.####
....'...........♣loc....
#####.....########o.....
#.....# ..### #.....# .#
#.....# .# ### ####### #
..# ..# ..#


You could see a wyvern, a centaur and 3 orcs.

Vanquished Creatures
  A bullfrog (D:8)
  A hound (D:5)
  An orc wizard (D:8)
  An ufetubus (D:5)
  3 orcs
7 creatures vanquished.

Notes
Turn   | Place    | Note
-------+----------+-------------------------------------------
     0 | D:5      | jt the Palentonga Delver began the quest for the Orb.
     0 | D:5      | Reached XP level 1. HP: 19/19 MP: 1/1
    34 | D:5      | Noticed a hound
    36 | D:5      | Gained mutation: Your natural rate of healing is unusually
                  | fast. [potion of mutation]
    43 | D:5      | Killed a hound
    44 | D:5      | Reached skill level 3 in Axes
    44 | D:5      | Reached XP level 2. HP: 17/25 MP: 2/2
   125 | D:6      | Found Uqeewin's Assorted Antiques.
   130 | D:6      | Reached XP level 3. HP: 31/31 MP: 3/3
   185 | D:5      | You fall into a shaft and drop 3 floors!
   226 | D:8      | Noticed a bullfrog
   233 | D:8      | Killed a bullfrog
   234 | D:8      | Reached skill level 4 in Axes
   234 | D:8      | Reached XP level 4. HP: 15/37 MP: 4/4
   273 | D:8      | Reached skill level 5 in Axes
   276 | D:8      | Noticed a wyvern
   291 | D:8      | Noticed a centaur
   300 | D:8      | HP: 2/55 [wyvern (3)]
   301 | D:8      | Mangled by a wyvern

Illustrated notes

Levels and vault maps discovered:
D:5:      layout_basic, minmay_temple_entry_glassed_door, grunt_ministairs_15,
          uniq_prince_ribbit1
D:6:      layout_rooms, serial_shops, shop, small_statue_intersection,
          hex_large, uniq_pikel
D:8:      layout_basic, xom_shifter_show, serial_shops,
          nicolae_shop_competitors_out_of_business, uniq_erica

Skill      XL: |  1  2  3  4 |
---------------+-------------+-----
Axes           | 3 4 5 |  5.1
Fighting       | |  3.0
Dodging        | |  1.5
Stealth        | |  3.3

Action                   |  1- 3 |  4- 6 || total
-------------------------+-------+-------++-------
Melee: Hand axe          |    11 |    35 ||    46
       Tailslap          |     3 |     1 ||     4
       Punch             |     1 |       ||     1
 Fire: Hunting sling     |    21 |       ||    21
 Abil: Rolling Charge    |     1 |     1 ||     2
  Use: Potion            |     2 |     3 ||     5
       Scroll            |     1 |       ||     1
Armor: Leather armour    |    16 |     4 ||    20
       Skin              |       |    15 ||    15
Dodge: Dodged            |    32 |     6 ||    38

Table legend: (Time is in decaauts)
 A = Elapsed time spent in this place.
 B = Non-inter-level travel time spent in this place.
 C = Inter-level travel time spent in this place.
 D = Time resting spent in this place.
 E = Time spent auto-exploring this place.
 F = Levels seen in this place.
 G = Mean time per level.
                   A        B        C        D        E       F      G
               +--------+--------+--------+--------+--------+-----+--------+
         Total |    297 |    297 |      0 |     45 |     34 |   3 |   99.0 |
       Dungeon |    297 |    297 |      0 |     45 |     34 |   3 |   99.0 |
               +--------+--------+--------+--------+--------+-----+--------+

Top non-repeatable levels by time:
     D:5: 146 daAuts
     D:8: 120 daAuts
     D:6: 31 daAuts
